AoeStats
← Carple

MegaRandom

504607722Analyzed
1v1 RM · 27d ago on Sep 5, 2026· 46m 7s· 2 players
Game mode
Random Map
Map size
Tiny (2 player)
Population
200
Speed
Normal
Resources
Standard
Victory
Conquest
Starting age
Dark Age
Ending age
Imperial Age
RankedLock teamsTeams togetherTeam positionsShared explorationLock speedFull tech treeHidden civsTurbo modeCheats
Victory
Defeat
🇨🇦 Spanish · Canada
1216
+13
🇵🇪 Magyars · Peru
1145
-13
cucharita15
10:44 Feudal Age
9:05 Loom
16:52 Castle Age
15:04 Gold Mining
15:22 Double-Bit Axe
19:58 Padded Archer Armor
19:48 Fletching
25:08 Horse Collar
27:57 Wheelbarrow
30:05 Bodkin Arrow
30:26 Bloodlines
37:15 Ballistics
37:19 Stone Mining
37:43 Husbandry
39:22 Bow Saw
39:36 Corvinian Army
42:50 Imperial Age
42:29 Hand Cart
42:41 Leather Archer Armor
43:15 Gold Shaft Mining
44:43 Scale Barding Armor
Carple
4:45 Loom
11:13 Feudal Age
11:46 Double-Bit Axe
15:43 Bloodlines
15:47 Forging
16:02 Scale Barding Armor
21:30 Castle Age
20:10 Horse Collar
21:32 Elite Skirmisher
24:40 Padded Archer Armor
24:31 Fletching
27:21 Husbandry
29:08 Bow Saw
28:59 Gold Mining
31:28 Squires
32:37 Wheelbarrow
33:06 Bodkin Arrow
33:26 Leather Archer Armor
37:40 Imperial Age
37:07 Iron Casting
36:53 Chain Barding Armor
37:07 Ballistics
38:51 Conscription
39:50 Heavy Plow
40:16 Town Watch
41:23 Cavalier
41:45 Pikeman
44:09 Scale Mail Armor
45:56 Hand Cart
Connection lost

Rejoining the realm…

Still unreachable

The connection could not be restored.

Session expired

The server has moved on; the page needs a fresh start.